 Dungeon Crawl Stone Soup version 0.30-a0-389-g8d7d949f56 (webtiles) character file.

Game seed: 5424306827734131090

3761 flotson the Trooper (level 9, -8/94 HPs)
             Began as a Demonspawn Delver on Dec 3, 2022.
             Was a Follower of Hepliaklqana.
             Killed from afar by Erica (23 damage)
             ... with a lance of force
             ... on level 7 of the Dungeon.
             The game lasted 00:17:16 (7453 turns).

flotson the Trooper (Demonspawn Delver)             Turns: 7453, Time: 00:17:17

Health: -8/94      AC: 28    Str: 22    XL:     9   Next: 94%
Magic:  11/11      EV:  2    Int: 11    God:    Hepliaklqana [*.....]
Gold:   186        SH:  5    Dex: 16    Spells: 8/8 levels left

rFire   . . .      SeeInvis .    a - +2 morningstar (drain)
rCold   . . .      Faith    .    (no shield)
rNeg    . . .      Spirit   .    (body armour currently unavailable)
rPois   +          Reflect  +    (helmet currently unavailable)
rElec   .          Harm     .    (cloak currently unavailable)
rCorr   .          Rampage  .    (gloves currently unavailable)
Will    .....      NoTele   +    (boots currently unavailable)
Stlth   +++.......               q - amulet of reflection
HPRegen 0.35/turn                C - +6 ring of strength
MPRegen 0.12/turn                H - +4 ring of protection

@: tree-form, hasted and slowed
A: stationary, stasis, torment immunity, boosted hp, reduced essence, (thin
metallic scales 1), condensation shield, (weakness stinger 2)
a: Renounce Religion, Recall Ancestor, Ancestor Identity


You were on level 7 of the Dungeon.
You worshipped Hepliaklqana.
Hepliaklqana was aware of your devotion.
You were a tree.
You visited 2 branches of the dungeon, and saw 9 of its levels.

You collected 368 gold pieces.
You spent 182 gold pieces at shops.

Inventory:

Hand Weapons
 a - a +2 morningstar of draining (weapon)
 b - a +5 club
 u - a +4 whip of venom
 K - a +2 trident of venom
Missiles
 n - 28 poisoned darts (quivered)
 s - 6 boomerangs
 B - 4 silver javelins
 J - a boomerang of dispersal
Armour
 h - a +0 helmet (melded)
 k - a +0 pair of boots (melded)
 z - a +0 pair of gloves (melded)
 N - a +1 cloak of stealth (melded)
 T - +0 steam dragon scales (melded)
Jewellery
 q - an amulet of reflection (around neck)
 C - a +6 ring of strength (left branch)
 G - a ring of willpower
 H - a +4 ring of protection (right branch)
Wands
 g - a wand of digging (10)
 S - a wand of flame (2)
Scrolls
 c - a scroll of fog
 f - 6 scrolls of teleportation
 j - 13 scrolls of identify
 l - a scroll of enchant armour {unknown}
 o - 4 scrolls of butterflies {unknown}
 r - a scroll of torment {unknown}
 x - a scroll of poison {unknown}
 y - a scroll of silence {unknown}
 E - 3 scrolls of magic mapping
 F - 8 scrolls of amnesia {unknown}
 I - 2 scrolls of vulnerability {unknown}
 L - a scroll of noise {unknown}
 O - a scroll of immolation {unknown}
 P - a scroll of enchant weapon {unknown}
 Q - a scroll of acquirement {unknown}
 U - a scroll of summoning {unknown}
Potions
 d - a potion of cancellation {unknown}
 e - 2 potions of might {unknown}
 i - 2 potions of curing
 m - 3 potions of lignification
 p - 2 potions of brilliance {unknown}
 t - a potion of flight {unknown}
 v - a potion of attraction {unknown}
 w - 2 potions of berserk rage {unknown}
 A - 2 potions of ambrosia {unknown}
 D - a potion of mutation {unknown}
 R - a potion of degeneration {unknown}


   Skills:
 + Level 6.8 Fighting
 + Level 3.3 Maces & Flails
 - Level 1.7 Polearms
 + Level 4.9 Throwing
 + Level 5.2 Armour
 + Level 5.6 Dodging
 - Level 5.0 Stealth
 + Level 3.5 Invocations
 + Level 5.9 Evocations


You had 8 spell levels left.
You didn't know any spells.
Your spell library contained the following spells:

 Spells                   Type           Power      Damage    Failure   Level
 Static Discharge         Conj/Air       0%         2-2/arc   47%         2
 Gell's Gravitas          Tloc           0%         N/A       71%         3
 Lesser Beckoning         Tloc           0%         N/A       71%         3
 Portal Projectile        Hex/Tloc       0%         N/A       71%         3
 Teleport Other           Tloc           0%         N/A       71%         3
 Tukima's Dance           Hex            0%         N/A       71%         3
 Vhi's Electric Charge    Tloc/Air       0%         N/A       71%         3
 Arcjolt                  Conj/Air       0%         1d10      100%        5
 Blade Hands              Tmut           0%         N/A       100%        5
 Lightning Bolt           Conj/Air       0%         1d11      100%        5


Dungeon Overview and Level Annotations

Branches:
Dungeon (8/15)             Temple (1/1) D:6
   Lair: D:8-11

Altars:
Ashenzari
Cheibriados
Dithmenos
Gozag
Hepliaklqana
Kikubaaqudgha
Makhleb
Nemelex Xobeh
Okawaru
Qazlal
Ru
Sif Muna
Trog
Uskayaw
Wu Jian
Xom
Yredelemnul

Shops:
D:1 (   D:4 *   D:6 *   D:8 ?

Annotations:
D:7 Erica


Innate Abilities, Weirdness & Mutations

You are a tree.
Your roots penetrate the ground, keeping you stationary.
You cannot be teleported.
You are immune to unholy pain and torment.
Your maximum health is greatly increased.
Your equipment is partially melded.
Your life essence is reduced to manifest your ancestor. (-10% HP)
((You are partially covered in thin metallic scales. (AC +2)))
A meltable shield of frost defends you. (SH +0)
((You have a tail ending in a sharp stinger.))


Message History

You feel less stealthy.
Your roots penetrate the ground.
You feel strangely stable.
Erica appears from thin air!
Reactivating autopickup.
Erica casts a spell at you. You resist with significant effort.
The orc wizard casts a spell at you.
You easily resist.
You barely miss Erica.
Erica is almost dead.
Erica gestures at you while chanting.
You feel as though you will be slow longer.
The orc wizard hits you but does no damage.
Unknown command.
You sock Erica!
Erica is almost dead.
Erica hits you with a +4 scimitar of flaming!
* * * LOW HITPOINT WARNING * * *
Erica burns you.
* * * LOW HITPOINT WARNING * * *
You block the orc wizard's attack.
You closely miss Erica.
Erica is almost dead.
Erica hits you with a +4 scimitar of flaming.
* * * LOW HITPOINT WARNING * * *
Erica burns you.
* * * LOW HITPOINT WARNING * * *
The orc wizard hits you but does no damage.
Erica points at you and mumbles some strange words.
The lance of force hits you!
* * * LOW HITPOINT WARNING * * *
The orc wizard hits you but does no damage.
You feel better. Erica casts a spell at you. The lance of force hits you!
* * * LOW HITPOINT WARNING * * *
The orc wizard hits you but does no damage.
You feel better. Erica casts a spell at you. The lance of force hits you!!
You die...

#....##..##...................##
#....##..##...............##..##
#....................##...##..##
#....................##...##...#
#....##..##.....##.............#
#....##..#####'###............##
#.........#.....#.............##
#.........#...o[##...##...##<.##
#........##...@♣##...########'##
#........#########....# #...##
#>...##'###...........# #...##
#....##..##.....##...## ##..##
#........######'####'## #####
#........##.....##....# #.
#................#....# ##
#....##..##.....##...## ##
#....######.....###### #.


You could see Erica (drained) and an orc wizard.

Vanquished Creatures
  Pikel (D:7)
  Maggie (D:8)
  Sigmund (D:3)
  A wyvern (D:7)
  A water moccasin (D:8)
  2 black bears
  An orc warrior (D:8)
  A sky beast (D:8)
  A centaur (D:6)
  A phantom (D:6)
  A kobold brigand (D:7)
  A gnoll sergeant (D:7)
  3 scorpions
  7 wights
  6 killer bees (D:7)
  4 electric eels (D:7)
  3 howler monkeys (D:7)
  A crimson imp (D:5)
  5 hounds
  5 orc priests
  A jelly (D:5)
  Jessica (D:3)
  3 iguanas
  4 orc wizards
  5 gnolls
  10 adders
  A shadow imp (D:6)
  2 ufetubi (D:5)
  A worm (D:2)
  2 dart slugs
  31 orcs
  7 bats
  3 endoplasms
  3 giant cockroaches
  4 goblins
  9 hobgoblins
  4 jackals (D:5)
  14 kobolds
  5 quokkas
  A ball python (D:1)
  3 frilled lizards
  6 rats
167 creatures vanquished.

Vanquished Creatures (collateral kills)
  A bullfrog (D:8)
  2 orcs (D:8)
3 creatures vanquished.

Vanquished Creatures (others)
  An ancestor (D:8)
  22 plants (D:7)
23 creatures vanquished.

Grand Total: 193 creatures vanquished

Notes
Turn   | Place    | Note
-------+----------+-------------------------------------------
     0 | D:5      | flotson the Demonspawn Delver began the quest for the Orb.
     0 | D:5      | Reached XP level 1. HP: 18/18 MP: 1/1
    48 | D:5      | Found a burning altar of Makhleb.
    48 | D:5      | Noticed a crimson imp
   208 | D:5      | Noticed a hound
   208 | D:5      | Noticed a hound
   232 | D:5      | Killed a hound
   233 | D:5      | Reached skill level 1 in Armour
   233 | D:5      | Reached skill level 1 in Evocations
   233 | D:5      | Gained mutation: A meltable shield of frost defends you.
                  | (SH +0) [demonic ancestry]
   233 | D:5      | Reached XP level 2. HP: 6/24 MP: 2/2
   233 | D:5      | Reached XP level 3. HP: 8/29 MP: 3/3
   329 | D:5      | Gained mutation: You have a small tail. [demonic ancestry]
   329 | D:5      | Reached XP level 4. HP: 26/35 MP: 4/4
   433 | D:4      | Noticed a scorpion
   639 | D:3      | Noticed Jessica
   659 | D:3      | Killed Jessica
   660 | D:3      | Reached skill level 5 in Stealth
   748 | D:2      | Gained mutation: You have a tail ending in a sharp stinger.
                  | [demonic ancestry]
   748 | D:2      | Reached XP level 5. HP: 37/42 MP: 5/5
   898 | D:1      | Found Utexzoo's Weapon Shop.
  1870 | D:2      | Reached skill level 1 in Throwing
  1956 | D:2      | Reached skill level 4 in Fighting
  2424 | D:3      | Noticed Sigmund
  2430 | D:3      | Killed Sigmund
  2431 | D:3      | Reached XP level 6. HP: 38/48 MP: 6/6
  2578 | D:4      | Found Jijegiq's Overcharged Wands.
  2994 | D:4      | Reached XP level 7. HP: 55/55 MP: 7/7
  4260 | D:5      | Reached skill level 5 in Fighting
  4691 | D:6      | Gained mutation: You are partially covered in thin metallic
                  | scales. (AC +2) [demonic ancestry]
  4691 | D:6      | Reached XP level 8. HP: 51/62 MP: 8/8
  4834 | D:6      | Found a staircase to the Ecumenical Temple.
  4841 | Temple   | Entered the Ecumenical Temple
  4923 | D:6      | Found Dubitut's Assorted Antiques.
  4931 | D:6      | Found a sacrificial altar of Ru.
  4947 | D:6      | Bought a bubbling coppery potion for 23 gold pieces
  4947 | D:6      | Bought a scroll labelled BADGHE WALEMAR for 26 gold pieces
  4947 | D:6      | Bought a scroll labelled ZEUKKOYXZIASS for 26 gold pieces
  4947 | D:6      | Bought a scroll labelled JAONOMNAXTO for 26 gold pieces
  4947 | D:6      | Bought a scroll labelled ZEUKKOYXZIASS for 26 gold pieces
  5478 | D:7      | Noticed Pikel
  5512 | D:7      | Killed Pikel
  5513 | D:7      | Reached skill level 1 in Maces & Flails
  5541 | D:7      | Reached skill level 5 in Evocations
  5541 | D:7      | Reached XP level 9. HP: 39/69 MP: 9/9
  5750 | D:7      | Found a hazy altar of Hepliaklqana.
  5782 | D:7      | Became a worshipper of Hepliaklqana the Forgotten
  5784 | D:7      | Reached skill level 6 in Fighting
  5799 | D:6      | Reached skill level 5 in Dodging
  5893 | D:7      | Reached skill level 1 in Invocations
  6136 | D:7      | Found a snail-covered altar of Cheibriados.
  7089 | D:8      | Noticed Maggie
  7101 | D:8      | Killed Maggie
  7102 | D:8      | Reached skill level 5 in Armour
  7200 | D:8      | Reached * piety under Hepliaklqana
  7292 | D:8      | Found Kaolahuv's Magic Scroll Shoppe.
  7319 | D:8      | Bought a scroll of identify for 22 gold pieces
  7319 | D:8      | Bought a scroll of teleportation for 33 gold pieces
  7403 | D:8      | Noticed Erica
  7453 | D:7      | Killed from afar by Erica

Illustrated notes

Levels and vault maps discovered:
D:1:      elethiomel_arrival_quiet, layout_basic, serial_shops, shop,
          feat_on_display
D:2:      layout_basic, minmay_pentomino_o4
D:3:      layout_rooms, serial_aquarium, aquarium_bridge_square
          [aquarium_subvault_wall, aquarium_subvault_window,
          aquarium_subvault_bridge, aquarium_subvault_wall],
          aquarium_bridge_long_joined [aquarium_subvault_wall,
          aquarium_subvault_bridge, aquarium_subvault_wall,
          aquarium_subvault_bridge, aquarium_subvault_wall,
          aquarium_subvault_window], aquarium_window_corridor_3,
          aquarium_window_1, aquarium_window_fake, aquarium_window_fake,
          aquarium_view_4, aquarium_balcony_3a, moated_statue,
          minmay_randomly_rotated_circles, uniq_jessica, uniq_sigmund
D:4:      layout_layer_cave, nicolae_shop_overcharged_wands
D:5:      layout_loops_corners, makhleb_grotto_becter
D:6:      layout_basic, mainiacjoe_overflow_concentric_impassable,
          minmay_temple_entry_wispy, serial_shops, shop,
          minmay_stone_trees_small, chequers_serial_rivers_marsh
D:7:      layout_gridville, kennysheep_mini, lemuel_crystal_altar,
          mainiacjoe_overflow_catwalk, serial_bayou_lake_a, uniq_pikel
D:8:      layout_cave_pools, lemuel_round_altar, dpeg_oklobed_lair,
          serial_shops, shop_fountains, serial_park_tiny_1,
          kennysheep_cross_bottleneck, uniq_erica, uniq_gastronok, uniq_maggie
Temple:   hellmonk_temple_of_storms

Skill      XL: |  1  2  3  4  5  6  7  8  9 |
---------------+----------------------------+-----
Armour         | 1 2 3 4 5 |  5.2
Dodging        | 2 3 4 5 |  5.6
Evocations     | 1 2 3 5 |  5.9
Stealth        | 5 |  5.0
Throwing       | 1 2 4 |  4.9
Fighting       | 4 5 6 |  6.8
Maces & Flails | 1 3 |  3.3
Invocations    | 3 |  3.5
Polearms       | |  1.7

Action                   |  1- 3 |  4- 6 |  7- 9 || total
-------------------------+-------+-------+-------++-------
Melee: Spear             |    62 |    42 |       ||   104
       Punch             |     1 |     2 |     4 ||     7
       Club              |       |    31 |       ||    31
       Tailslap          |       |    18 |    46 ||    64
       Trident           |       |   114 |   117 ||   231
       Morningstar       |       |       |   223 ||   223
Throw: Boomerang         |       |       |     6 ||     6
       Dart              |       |       |    11 ||    11
  Use: Potion            |     1 |       |     6 ||     7
       Scroll            |     2 |       |     2 ||     4
 Stab: Sleeping          |       |    11 |     4 ||    15
       Distracted        |       |     1 |     1 ||     2
Armor: Scale mail        |    16 |    62 |   161 ||   239
       Leather armour    |     6 |       |       ||     6
       Steam dragon scal |       |       |    38 ||    38
       Skin              |       |       |     4 ||     4
Dodge: Dodged            |    27 |    68 |   226 ||   321
Block: Other             |     3 |    32 |   169 ||   204
       Reflection        |       |       |     6 ||     6

Table legend: (Time is in decaauts)
 A = Elapsed time spent in this place.
 B = Non-inter-level travel time spent in this place.
 C = Inter-level travel time spent in this place.
 D = Time resting spent in this place.
 E = Time spent auto-exploring this place.
 F = Levels seen in this place.
 G = Mean time per level.
                   A        B        C        D        E       F      G
               +--------+--------+--------+--------+--------+-----+--------+
         Total |   7622 |   7399 |    223 |    480 |   5174 |   9 |  846.9 |
       Dungeon |   7581 |   7358 |    223 |    480 |   5152 |   8 |  947.6 |
        Temple |     40 |     40 |      0 |      0 |     22 |   1 |   40.0 |
               +--------+--------+--------+--------+--------+-----+--------+

Top non-repeatable levels by time:
     D:7: 1610 daAuts
     D:5: 1339 daAuts
     D:4: 1151 daAuts
     D:6: 942 daAuts
     D:2: 788 daAuts
     D:3: 739 daAuts
     D:1: 555 daAuts
     D:8: 455 daAuts
  Temple: 40 daAuts
